 Dungeon Crawl Stone Soup version 0.21-a0-509-gecc5317402 (webtiles) character file.

98 Kaname the Conjurer (level 4, 20/30 HPs)
             Began as a Demonspawn Wizard on Nov 29, 2017.
             Quit the game on level 2 of the Dungeon.
             The game lasted 00:02:16 (1219 turns).

Kaname the Conjurer (Demonspawn Wizard)             Turns: 1219, Time: 00:02:17

Health: 20/30      AC:  9    Str: 12    XL:     4   Next: 43%
Magic:  3/8        EV: 12    Int: 21    God:
Gold:   49         SH:  0    Dex: 13    Spells: 3/9 levels left

rFire    . . .     SeeInvis .   j - +1 dagger (protect)
rCold    . . .     Gourm    .   (no shield)
rNeg     . . .     Faith    .   a - +0 robe
rPois    .         Spirit   .   b - +0 hat
rElec    .         Reflect  .   (no cloak)
rCorr    .         Harm     .   (no gloves)
MR       .....                  (no boots)
Stlth    ++........             (no amulet)
HPRegen  0.10/turn              (no ring)
MPRegen  0.11/turn              (no ring)

@: mighty, protection aura
A: thin skeletal structure 1, powered by pain 1, spiny 1
a: no special abilities


You were on level 2 of the Dungeon.
You were not hungry.

You visited 1 branch of the dungeon, and saw 2 of its levels.

You collected 49 gold pieces.

Inventory:

Hand Weapons
 j - a +1 dagger of protection (weapon)
Armour
 a - a +0 robe (worn)
 b - a +0 hat (worn)
Scrolls
 f - 4 scrolls of identify {unknown}
 h - a scroll of noise {unknown}
Potions
 e - 2 potions of curing {unknown}
Books
 c - a book of Minor Magic

   Spells                             Type                      Level
   a - Magic Dart                     Conjuration                  1
   b - Blink                          Translocation                2
   c - Call Imp                       Summoning                    2
   d - Slow                           Hexes                        2
   e - Conjure Flame                  Conjuration/Fire             3
   f - Mephitic Cloud                 Conjuration/Poison/Air       3
Comestibles
 d - a bread ration
 g - a royal jelly
 i - a meat ration
 k - a chunk of flesh


   Skills:
 - Level 1.7 Dodging
 - Level 1.7 Stealth
 - Level 3.0 Spellcasting
 + Level 4.3 Conjurations
   Level 1.0 Summonings
 - Level 0.8 Translocations


You had 3 spell levels left.
You knew the following spells:

 Your Spells              Type           Power        Failure   Level  Hunger
a - Magic Dart            Conj           ###.         2%          1    None
b - Blink                 Tloc           N/A          14%         2    ##.....
c - Mephitic Cloud        Conj/Pois/Air  #.......     22%         3    ###....


Dungeon Overview and Level Annotations

Branches:
Dungeon (2/15)

Altars:


Innate Abilities, Weirdness & Mutations

You have a somewhat thin skeletal structure. (Dex +2, Stealth)
You sometimes gain a little power by taking damage.
You are partially covered in sharp spines.


Message History

Aiming: Magic Dart
Press: ? - help, Shift-Dir - straight line, f/p - bullfrog
Aim: a bullfrog (heavily wounded)
The magic dart hits the bullfrog.
The bullfrog is severely wounded.
You completely miss the bullfrog.
The bullfrog is severely wounded.
The bullfrog hits you. x2
You hit the bullfrog.
Your weapon exudes an aura of protection.
The bullfrog is almost dead.
The bullfrog hits you!
You focus on the pain.
You feel very mighty all of a sudden.
You hit the bullfrog.
You kill the bullfrog!
Your Conjurations skill increases to level 4!
You have reached level 4!
You feel clever.
Your demonic ancestry asserts itself...
Your bones become slightly less dense.
Are you sure you want to abandon this character and quit the game? (Confirm with "yes".)

#.# #.######### # #.#
#.........# ## #.#
#.#####...########. #.# #.#
#............
#####.####.#####...########.
#....÷.............# ##
#.##.####.#.######.# #
#.####...# #.# .......†@#
#.# #..#####.......... #..
.....###.#.# #.# ###..<# #.#
#. ....# .# .$...# ......
####)...


There were no monsters in sight!

Vanquished Creatures
  A bullfrog (D:2)
  An adder (D:2)
  2 leopard geckos
  A giant cockroach (D:1)
  2 goblins
  2 hobgoblins (D:1)
  4 bats
  A kobold (D:1)
  16 rats
30 creatures vanquished.

Notes
Turn   | Place    | Note
-------+----------+-------------------------------------------
     0 | D:1      | Kaname the Demonspawn Wizard began the quest for the Orb.
     0 | D:1      | Reached XP level 1. HP: 13/13 MP: 4/4
   179 | D:1      | Reached skill level 2 in Conjurations
   192 | D:1      | Gained mutation: You are partially covered in sharp spines. [demonic ancestry]
   192 | D:1      | Reached XP level 2. HP: 9/19 MP: 0/6
   249 | D:1      | Learned a level 2 spell: Blink
  1125 | D:2      | Noticed a bullfrog
  1131 | D:2      | Reached skill level 3 in Conjurations
  1131 | D:2      | Gained mutation: You sometimes gain a little power by taking damage. [demonic ancestry]
  1131 | D:2      | Reached XP level 3. HP: 24/24 MP: 1/7
  1198 | D:2      | Learned a level 3 spell: Mephitic Cloud
  1218 | D:2      | Killed a bullfrog
  1218 | D:2      | Reached skill level 4 in Conjurations
  1218 | D:2      | Gained mutation: You have a somewhat thin skeletal structure. (Dex +2, Stealth) [demonic ancestry]
  1218 | D:2      | Reached XP level 4. HP: 20/30 MP: 3/8
  1219 | D:2      | Quit the game

Vault maps used:
D:1:      erik_arrival_orb_chamber
D:2:      marbit_many_paths

Skill      XL: |  1  2  3 |
---------------+----------+-----
Conjurations   | 2 3 4 |  4.3
Dodging        | |  1.7
Stealth        | |  1.7
Spellcasting   | |  3.0
Summonings     | |  1.0
Translocations | |  0.8

Action                   |  1- 3 |  4- 6 || total
-------------------------+-------+-------++-------
Melee: Unarmed           |    23 |       ||    23
       Dagger            |     3 |       ||     3
 Cast: Magic Dart        |    47 |       ||    47
  Eat: Chunk             |     1 |       ||     1
Armor: Robe              |     3 |       ||     3
Dodge: Dodged            |    13 |       ||    13

Table legend:
 A = Spawn XP
 B = Non-spawn XP
 C = Spawn XP percentage of total XP
 D = Spawn monster count
 E = Non-spawn monster count
 F = Spawn count percentage of total count
 G = Total turns spent on level
                    A         B        C        D         E        F      G
               +---------+---------+-------+---------+---------+-------+---------
         Total |       0 |     140 |   0.0 |       0 |      30 |   0.0 |  1219
               +---------+---------+-------+---------+---------+-------+---------
           D:1 |       0 |      30 |   0.0 |       0 |      24 |   0.0 |  1056
           D:2 |       0 |     110 |   0.0 |       0 |       6 |   0.0 |   163
               +---------+---------+-------+---------+---------+-------+---------
